 Dungeon Crawl Stone Soup version 0.29-a0-453-gf113fcf677 (webtiles) character file.

Game seed: 4572353329457471095

3814 Bruhh the Fighter (level 10, -2/66 (69) HPs)
             Began as a Tengu Air Elementalist on May 20, 2022.
             Was an Initiate of Cheibriados.
             Killed by their own static electricity (3 damage)
             ... on level 7 of the Dungeon.
             The game lasted 00:19:36 (9024 turns).

Bruhh the Fighter (Tengu Air Elementalist)          Turns: 9024, Time: 00:19:38

HP:   -2/66 (69)    AC:  6    Str: 12    XL:     10   Next: 17%
MP:   10/18         EV: 16    Int: 19    God:    Cheibriados [......]
Gold: 280           SH:  0    Dex: 16    Spells: 10/19 levels left

rFire   . . .      SeeInvis .   (no weapon)
rCold   . . .      Faith    .   (no shield)
rNeg    + . .      Spirit   .   t - +2 robe of Ignis's Generosity {Str+3 Archmagi}
rPois   .          Reflect  .   (helmet restricted)
rElec   .          Harm     .   (no cloak)
rCorr   .          Rampage  .   c - +1 pair of gloves
Will    .....      Archmagi +   (boots unavailable)
Stlth   ++........              q - amulet of the acrobat
HPRegen 1.01/turn               n - ring of positive energy
MPRegen 0.16/turn               g - ring of wizardry

@: flying quickly and evasively, lightly drained, slow
A: beak, talons 3, nimble flight, antennae 1, dopey 1, regeneration 1
a: Renounce Religion


You were on level 7 of the Dungeon.
You worshipped Cheibriados.
Cheibriados was noncommittal.
You visited 2 branches of the dungeon, and saw 9 of its levels.

You collected 280 gold pieces.

Inventory:

Armour
 a - a +0 robe
 c - a +1 pair of gloves (worn)
 t - the +2 robe of Ignis's Generosity (worn) {Str+3 Archmagi}
   (You found it on level 3 of the Dungeon)

   Str:       It affects your strength (+3).
   Archmagi:  It increases the power of your magical spells.
 z - a +0 buckler
Jewellery
 f - an amulet of faith
 g - a ring of wizardry (right hand)
 n - a ring of positive energy (left hand)
 o - a ring of see invisible
 q - an amulet of the acrobat (around neck)
 v - a ring of positive energy
Wands
 u - a wand of iceblast (18)
 w - a wand of acid (9)
Scrolls
 e - 3 scrolls of teleportation
 j - 3 scrolls of immolation
 k - a scroll of noise
 l - 3 scrolls of poison {unknown}
 m - 4 scrolls of identify
 s - 2 scrolls of fear {unknown}
 x - a scroll of brand weapon {unknown}
 y - a scroll of torment {unknown}
 A - 2 scrolls of vulnerability {unknown}
 C - a scroll of enchant armour {unknown}
Potions
 d - a potion of attraction
 h - 2 potions of curing
 i - a potion of flight {unknown}
 p - 2 potions of might {unknown}
 r - a potion of degeneration {unknown}
 B - a potion of resistance {unknown}


   Skills:
 - Level 11.0 Fighting
 + Level 4.4 Dodging
 - Level 3.0 Stealth
 - Level 5.0 Spellcasting
 - Level 5.0 Conjurations
 - Level 8.0 Air Magic


You had 10 spell levels left.
You knew the following spells:

 Your Spells              Type           Power      Damage    Failure   Level
a - Shock                 Conj/Air       100%       1d9       1%          1
b - Static Discharge      Conj/Air       44%        N/A       1%          2
c - Airstrike             Air            25%        N/A       1%          4
d - Blink                 Tloc           14%        N/A       8%          2

Your spell library contained the following spells:

 Spells                   Type           Power      Damage    Failure   Level
 Swiftness                Air            51%        N/A       1%          3
 Gell's Gravitas          Tloc           7%         N/A       16%         3
 Lesser Beckoning         Tloc           7%         N/A       16%         3
 Teleport Other           Tloc           7%         N/A       16%         3
 Manifold Assault         Tloc           7%         N/A       77%         5
 Summon Forest            Summ/Tloc      3%         N/A       77%         5
 Summon Mana Viper        Hex/Summ       7%         N/A       77%         5
 Summon Cactus Giant      Summ           3%         N/A       99%         6


Dungeon Overview and Level Annotations

Branches:
Dungeon (8/15)             Temple (1/1) D:7
   Lair: D:8-11

Altars:
Cheibriados
Dithmenos
Elyvilon
Gozag
Kikubaaqudgha
Makhleb
Nemelex Xobeh
Okawaru
Sif Muna
Trog
Uskayaw
Vehumet
Wu Jian
Xom
Yredelemnul
Zin
The Shining One

Shops:
D:4 =

Annotations:
D:5 2 transporters, feta's ghost, amateur GnIE


Innate Abilities, Weirdness & Mutations

You have a beak for a mouth.
You have claws for feet.
Your magical nature lets you fly swiftly and evasively.
You have a pair of small antennae on your head.
You are dopey. (Int -2)
Your natural rate of healing is unusually fast.


Message History

The wight is moderately damaged.
You are struck by an arc of lightning.
The kobold is struck by an arc of lightning.
You kill the kobold!
Cheibriados appreciates the change of pace.
The lightning grounds out.
The wight completely misses you. x2
Casting: Static Discharge (safe; 1% risk of failure)
Confirm with . or Enter, or press ? or * to list all spells.
You feel a surge of power!
The wight is struck by an arc of lightning!
The wight is almost destroyed.
You are struck by an arc of lightning.
The lightning grounds out.
The wight hits you with a +1 great sword!!
You partially resist.
You feel drained. The wight hits you with a +5 dagger.
Unknown command.
Casting: Static Discharge (safe; 1% risk of failure)
Confirm with . or Enter, or press ? or * to list all spells.
You feel a surge of power!
The wight is struck by an arc of lightning.
The wight is heavily damaged.
You are struck by an arc of lightning.
The wight is struck by an arc of lightning.
The wight is almost destroyed.
The lightning grounds out.
The wight hits you with a +1 great sword!!
* * * LOW HITPOINT WARNING * * *
The wight barely misses you.
Casting: Static Discharge (safe; 1% risk of failure)
Confirm with . or Enter, or press ? or * to list all spells.
You feel a surge of power!
The wight is struck by an arc of lightning!
You destroy the wight!
Cheibriados appreciates the change of pace.
You are struck by an arc of lightning.
* * * LOW HITPOINT WARNING * * *
The wight is struck by an arc of lightning!
You destroy the wight!
Cheibriados appreciates the change of pace.
You are struck by an arc of lightning.
You die...

#.#.....##...##....##≈≈.......
####.#.....##...##....#≈≈....≈≈≈≈
..##.#.....##...##..))#≈....≈....
..##.#......'....'[)..#≈....≈....
..##.#.....##....#....#≈....≈....
..##.#......+.....#'###≈....≈....
..##......###.....#'###≈....≈....
..####....####.).)...##≈....≈....
.....'....'..'..@.....#≈≈....≈≈≈≈
###.##....####.)))....##≈≈.......
#.##....# #.[......###≈≈......
#.##.#'#####).......# ##≈≈.....
#.#.........###'#+#.# ##≈≈.)..
#.#.........###.#.#.######≈≈≈..
###.#...............)<.....####''
.......#.####.###.#.##....## #..
g##.####.####.#............# #.#


There were no monsters in sight!

Vanquished Creatures
  Pikel (D:7)
  2 wyverns
  2 steam dragons
  Menkaure (D:7)
  An orc warrior (D:7)
  A sky beast (D:6)
  A black bear (D:5)
  2 ogres
  4 centaurs
  2 phantoms
  2 kobold brigands
  5 bullfrogs
  2 necrophages
  8 scorpions
  2 wights (D:7)
  An electric eel (D:7)
  2 jellies
  2 gnoll shamans (D:7)
  4 hounds
  Jessica (D:2)
  Terence (D:2)
  3 iguanas
  2 orc wizards
  Robin (D:2)
  7 gnolls (D:7)
  7 adders
  A white imp (D:6)
  2 ufetubi
  3 dart slugs
  25 orcs
  12 ball pythons
  6 bats
  10 endoplasms
  3 giant cockroaches
  12 goblins
  11 hobgoblins
  7 jackals
  6 quokkas
  3 frilled lizards
  17 kobolds
  6 rats
191 creatures vanquished.

Vanquished Creatures (others)
  6 plants (D:5)
6 creatures vanquished.

Grand Total: 197 creatures vanquished

Notes
Turn   | Place    | Note
-------+----------+-------------------------------------------
     0 | D:1      | Bruhh the Tengu Air Elementalist began the quest for the
                  | Orb.
     0 | D:1      | Reached XP level 1. HP: 10/10 MP: 4/4
   135 | D:1      | Reached XP level 2. HP: 15/15 MP: 3/6
   596 | D:1      | Reached XP level 3. HP: 19/19 MP: 5/7
   812 | D:1      | Found a faded altar of an unknown god.
  1410 | D:2      | Noticed Robin
  1427 | D:2      | Killed Robin
  1428 | D:2      | Reached XP level 4. HP: 11/24 MP: 2/8
  1651 | D:2      | Noticed Jessica
  1662 | D:2      | Killed Jessica
  1900 | D:2      | Noticed Terence
  1908 | D:2      | Killed Terence
  1909 | D:2      | Gained mutation: Your magical nature lets you fly swiftly
                  | and evasively. [Tengu growth]
  1909 | D:2      | Reached XP level 5. HP: 15/28 MP: 1/10
  2121 | D:2      | Learned a level 2 spell: Static Discharge
  2138 | D:2      | Reached skill level 5 in Air Magic
  3230 | D:3      | Identified the +2 robe of Ignis's Generosity {Str+3
                  | Archmagi}
  3468 | D:4      | Reached skill level 5 in Conjurations
  3468 | D:4      | Reached XP level 6. HP: 32/32 MP: 7/11
  3657 | D:4      | Found Hefoddet's Jewellery Boutique.
  4048 | D:4      | Reached XP level 7. HP: 36/36 MP: 11/13
  4219 | D:5      | Entered Level 5 of the Dungeon
  4223 | D:5      | Noticed a wyvern
  4228 | D:5      | Killed a wyvern
  4787 | D:5      | Reached skill level 5 in Spellcasting
  4787 | D:5      | Reached XP level 8. HP: 41/41 MP: 12/16
  4792 | D:5      | Learned a level 4 spell: Airstrike
  4940 | D:5      | Reached skill level 2 in Fighting
  5041 | D:5      | Found a basalt altar of Yredelemnul.
  5050 | D:5      | Reached skill level 3 in Fighting
  5307 | D:5      | Reached skill level 4 in Fighting
  5435 | D:5      | Found a transporter.
  5440 | D:5      | Noticed feta's ghost (amateur GnIE)
  5475 | D:5      | Found a transporter.
  5768 | D:6      | Reached skill level 5 in Fighting
  5848 | D:6      | Reached skill level 6 in Fighting
  6152 | D:5      | Gained mutation: You are weak. (Str -2) [potion of
                  | mutation]
  6152 | D:5      | Gained mutation: You do not regenerate when monsters are
                  | visible. [potion of mutation]
  6152 | D:5      | Gained mutation: Your magical capacity is low. (-10% MP)
                  | [potion of mutation]
  6203 | D:6      | Reached XP level 9. HP: 56/56 MP: 6/15
  6210 | D:6      | Lost mutation: You do not regenerate when monsters are
                  | visible. [potion of mutation]
  6210 | D:6      | Lost mutation: You are weak. (Str -2) [potion of mutation]
  6210 | D:6      | Lost mutation: Your magical capacity is low. (-10% MP)
                  | [potion of mutation]
  6210 | D:6      | Gained mutation: Your natural rate of healing is unusually
                  | fast. [potion of mutation]
  6210 | D:6      | Gained mutation: You are dopey. (Int -2) [potion of
                  | mutation]
  6210 | D:6      | Gained mutation: You have a pair of small antennae on your
                  | head. [potion of mutation]
  6383 | D:6      | Reached skill level 7 in Fighting
  6668 | D:6      | Reached skill level 8 in Fighting
  6802 | D:6      | Found an ancient bone altar of Kikubaaqudgha.
  6802 | D:6      | Found a shimmering altar of Xom.
  6810 | D:6      | Found a radiant altar of Vehumet.
  6812 | D:6      | Found an ornate altar of the Wu Jian Council.
  6814 | D:6      | Found an iron altar of Okawaru.
  6946 | D:6      | Found a sparkling altar of Nemelex Xobeh.
  6947 | D:6      | Found a glowing golden altar of the Shining One.
  7204 | D:7      | Learned a level 2 spell: Blink
  7404 | D:7      | Reached skill level 9 in Fighting
  8062 | D:7      | Found a staircase to the Ecumenical Temple.
  8074 | D:7      | Reached skill level 10 in Fighting
  8120 | Temple   | Entered the Ecumenical Temple
  8281 | Temple   | Became a worshipper of Cheibriados the Contemplative
  8466 | D:7      | Found a glowing silver altar of Zin.
  8492 | D:7      | Found an opulent altar of Gozag.
  8574 | D:7      | Noticed Pikel
  8586 | D:7      | Killed Pikel
  8587 | D:7      | Reached XP level 10. HP: 68/68 MP: 9/18
  8809 | D:7      | Noticed Menkaure
  8813 | D:7      | Killed Menkaure
  8814 | D:7      | Reached skill level 11 in Fighting
  9023 | D:7      | HP: 2/66 [wight/+1 great sword (19)]
  9024 | D:7      | Killed from afar by themself

Illustrated notes

Levels and vault maps discovered:
D:1:      zaba_arrival_water, layout_loops_ring,
          shapermc_ecumenical_altar_acropolis
D:2:      layout_loops_cross, uniq_robin, uniq_terence, uniq_jessica
D:3:      minmay_bubble_buster, layout_rooms, nicolae_elevator_lobby_asterisk
D:4:      layout_rooms, serial_shops, nicolae_stop_n_shop_2, saegor_snake_ambush
D:5:      layout_loops_ring, mainiacjoe_overflow_brackets,
          gammafunk_ghost_gnarly_gnolls
D:6:      layout_cave_pools, chequers_temple_overflow_minitemple,
          mainiacjoe_overflow_divided_tiny
D:7:      layout_basic, grunt_temple_overflow_gold_and_silver,
          minmay_temple_entry_mini_moons, kennysheep_big_empty_room,
          uniq_menkaure, uniq_pikel
D:8:      layout_gridville, uniq_erica
Temple:   minmay_temple_forest_path

Skill      XL: |  1  2  3  4  5  6  7  8  9 10 |
---------------+-------------------------------+-----
Conjurations   | 2 3 5 |  5.0
Dodging        | 3 4 |  4.4
Stealth        | 3 |  3.0
Air Magic      | 5 6 7 8 |  8.0
Spellcasting   | 3 5 |  5.0
Fighting       | 6 10 11 | 11.0

Action                   |  1- 3 |  4- 6 |  7- 9 | 10-12 || total
-------------------------+-------+-------+-------+-------++-------
Melee: Unarmed           |    21 |     4 |     3 |     1 ||    29
       Peck              |     4 |       |       |       ||     4
       Kick              |     5 |     1 |       |       ||     6
       Punch             |     1 |       |       |       ||     1
 Cast: Shock             |    60 |   108 |    72 |       ||   240
       Static Discharge  |       |     1 |    62 |    12 ||    75
       Airstrike         |       |       |    36 |     2 ||    38
  Use: Potion            |     1 |       |     8 |       ||     9
       Scroll            |       |       |     3 |       ||     3
Armor: Robe              |    16 |     6 |    12 |     5 ||    39
Dodge: Dodged            |    45 |    34 |    64 |    18 ||   161

Table legend: (Time is in decaauts)
 A = Elapsed time spent in this place.
 B = Non-inter-level travel time spent in this place.
 C = Inter-level travel time spent in this place.
 D = Time resting spent in this place.
 E = Time spent auto-exploring this place.
 F = Levels seen in this place.
 G = Mean time per level.
                   A        B        C        D        E       F      G
               +--------+--------+--------+--------+--------+-----+--------+
         Total |   8816 |   8527 |    289 |    309 |   7155 |   9 |  979.6 |
       Dungeon |   8623 |   8384 |    239 |    309 |   7023 |   8 | 1077.9 |
        Temple |    192 |    142 |     50 |      0 |    131 |   1 |  192.0 |
               +--------+--------+--------+--------+--------+-----+--------+

Top non-repeatable levels by time:
     D:5: 1860 daAuts
     D:7: 1780 daAuts
     D:1: 1385 daAuts
     D:2: 1046 daAuts
     D:6: 880 daAuts
     D:3: 850 daAuts
     D:4: 813 daAuts
  Temple: 192 daAuts
     D:8: 6 daAuts
